 Dungeon Crawl Stone Soup version 0.16.2-12-gd0ad4c3 (webtiles) character file.

46 dearth the Sneak (level 3, -7/19 HPs)
             Began as a Kobold Enchanter on Oct 7, 2015.
             Mangled by Terence
             ... wielding a +0 trident
              (8 damage)
             ... on level 2 of the Dungeon.
             The game lasted 00:05:06 (1421 turns).

dearth the Sneak (Kobold Enchanter)                 Turns: 1421, Time: 00:05:07

Health: -7/19      AC:  3    Str:  6    XL:     3   Next: 92%
Magic:  15/15      EV: 16    Int: 13    God:
Gold:   50         SH:  0    Dex: 17    Spells: 1 memorised, 5 levels left

rFire  . . .     SeeInvis .     a - +1 dagger
rCold  . . .     Clarity  .     b - +1 robe
rNeg   . . .     SustAb   .     (no shield)
rPois  .         Gourm    .     (no helmet)
rElec  .         Spirit   .     (no cloak)
rCorr  .         Warding  .     (no gloves)
rMut   .         Stasis   .     (no boots)
MR     .....                    (no amulet)
Stlth  +++.......               (no ring)
                                g - ring of magical power

@: not resistant to hostile enchantments, fairly stealthy
A: carnivore 3
a: no special abilities


You were on level 2 of the Dungeon.
You were full.

You visited 1 branch of the dungeon, and saw 2 of its levels.

You collected 50 gold pieces.

Inventory:

Hand weapons
 a - a +1 dagger (weapon)
Armour
 b - a +1 robe (worn)
Jewellery
 g - a ring of magical power (left hand)
Scrolls
 f - a scroll of amnesia {unknown}
 i - a scroll of fog {unknown}
 k - a scroll of identify {unknown}
Potions
 e - a potion of agility {unknown}
 h - a potion of curing {unknown}
 j - a potion of poison {unknown}
Books
 c - a book of Maledictions

   Spells                             Type                      Level
   a - Corona                         Hexes                        1
   b - Sure Blade                     Hexes/Charms                 2
   c - Ensorcelled Hibernation        Hexes/Ice                    2
   d - Confuse                        Hexes                        3
   e - Dazzling Spray                 Conjuration/Hexes            3
   f - Enslavement                    Hexes                        4
Comestibles
 d - a meat ration


   Skills:
 - Level 0.2 Fighting
 + Level 1.8 Short Blades
 + Level 1.0 Throwing
 + Level 2.9 Dodging
 + Level 4.5 Stealth
 + Level 2.2 Spellcasting
 + Level 3.4 Hexes


You had 5 spell levels left.
You knew the following spells:

 Your Spells              Type           Power        Failure   Level  Hunger
a - Corona                Hex            ##.....      8%          1    ##.....


Dungeon Overview and Level Annotations

Branches:
Dungeon (2/15)

Altars:
Yredelemnul

Annotations:
D:2 Terence


Innate Abilities, Weirdness & Mutations

You are small and have problems with some larger weapons.
You are carnivorous and can eat meat at any time.


Message History

Terence misses you.
You hit Terence.
Terence is heavily wounded.
Terence barely misses you.
You hit Terence but do no damage.
Terence is heavily wounded.
You hit Terence.
Terence is severely wounded.
Terence misses you.
You hit Terence but do no damage.
Terence is severely wounded.
Terence hits you with a trident.
* * * LOW HITPOINT WARNING * * *
You barely miss Terence.
Terence is severely wounded.
Terence barely misses you.
You hit Terence but do no damage.
Terence is severely wounded.
Terence hits you with a trident!
You die...

#+##
##.....
##.......
##......#
#.......#
+[......###
#.@.......#
#.@....#
###
##.....#...
##....#.#
##'#...#
#...###.##
#..)......
##.########
##...##
#.....#


You could see Terence.

Vanquished Creatures
  An adder (D:2)
  3 giant geckos (D:1)
  5 bats
  2 giant cockroaches (D:1)
  4 goblins (D:1)
  5 hobgoblins
  2 jackals (D:1)
  2 kobolds
  4 giant newts
  2 gnoll zombies (D:2)
  2 rats (D:1)
32 creatures vanquished.

Vanquished Creatures (others)
  A minotaur (D:1)
  An octopode (D:1)
  3 vine stalkers (D:1)
  An elf (D:1)
  2 vampires (D:1)
  A human (D:1)
  A mummy (D:1)
  2 kobolds (D:1)
  12 tentacles (D:1)
  33 tentacle segments (D:1)
57 creatures vanquished.

Grand Total: 89 creatures vanquished

Notes
Turn   | Place    | Note
--------------------------------------------------------------
     0 | D:1      | dearth, the Kobold Enchanter, began the quest for the Orb.
     0 | D:1      | Reached XP level 1. HP: 10/10 MP: 3/3
     0 | D:1      | Noticed a vampire
     0 | D:1      | Noticed an elf
     0 | D:1      | Noticed a vine stalker
     0 | D:1      | Noticed an octopode
     0 | D:1      | Noticed a kraken
     0 | D:1      | Noticed a vine stalker
     0 | D:1      | Noticed a vine stalker
     0 | D:1      | Noticed a human
     0 | D:1      | Noticed a minotaur
     0 | D:1      | Noticed a vampire
     6 | D:1      | Killed an elf
     7 | D:1      | Killed a vine stalker
    10 | D:1      | Killed a vampire
    13 | D:1      | Killed a vampire
    15 | D:1      | Killed an octopode
    15 | D:1      | Killed a human
    16 | D:1      | Killed a vine stalker
    16 | D:1      | Killed a vine stalker
    24 | D:1      | Killed a minotaur
   190 | D:1      | Reached XP level 2. HP: 12/15 MP: 4/4
   517 | D:1      | Reached XP level 3. HP: 17/19 MP: 6/6
  1024 | D:2      | Found a basalt altar of Yredelemnul.
  1271 | D:2      | Reached skill level 1 in Throwing
  1403 | D:2      | Noticed Terence
  1421 | D:2      | Mangled by Terence

Action                   || total
-------------------------++-------
Melee: Dagger            ||   127
 Stab: Sleeping          ||     8
  Eat: Chunk             ||     6
